 Dungeon Crawl Stone Soup version 0.30.0 (webtiles) character file.

Game seed: 12052765008136826019

185 Esekla the Slasher (level 5, 0/28 HPs)
             Began as a Vine Stalker Warper on May 6, 2023.
             Succumbed to a scorpion's poison
             ... on level 4 of the Dungeon.
             The game lasted 00:14:59 (2855 turns).

Esekla the Slasher (Vine Stalker Warper)            Turns: 2855, Time: 00:15:00

Health: 0/28       AC:  1    Str: 12 (13) XL:     5   Next: 64%
Magic:  10/10      EV: 11    Int: 13 (14) God:
Gold:   244        SH:  0    Dex: 14 (17) Spells: 8/10 levels left

rFire   + . .        a - +0 falchion
rCold   + . .        (no shield)
rNeg    . . .        b - +0 leather armour
rPois   .            (no helmet)
rElec   .            y - scarf {rC+ rF+}
rCorr   .            (no gloves)
SInv    .            (no boots)
Will    .....        (no amulet)
Stlth   +            (no ring)
HPRegen 1.04/turn    (no ring)
MPRegen 0.12/turn

%: guardian spirit
@: mighty, lethally poisoned (0 -> -2), attractive, studying Fighting
A: fangs 2, regeneration 1, magic shield, antimagic bite, no potion heal 2,
agile 1, deformed body
a: no special abilities


You were on level 4 of the Dungeon.
You visited 1 branch of the dungeon, and saw 5 of its levels.

You collected 244 gold pieces.

Inventory:

Hand Weapons
 a - a +0 falchion (weapon)
 e - a +0 dagger
Armour
 b - a +0 leather armour (worn)
 y - a scarf of resistance (worn)
Magical Staves
 x - a staff of fire
Jewellery
 m - a ring of fire
 q - a ring of fire
Scrolls
 c - a scroll of blinking
 d - a scroll of vulnerability {unknown}
 f - a scroll of silence {unknown}
 g - a scroll of magic mapping {unknown}
 i - a scroll of fog {unknown}
 k - 2 scrolls of immolation {unknown}
 l - a scroll of amnesia {unknown}
 o - a scroll of poison {unknown}
 p - a scroll of enchant weapon {unknown}
 r - 2 scrolls of identify {unknown}
 t - a scroll of brand weapon {unknown}
 u - a scroll of noise {unknown}
 v - a scroll of fear {unknown}
Potions
 h - 2 potions of might
 n - a potion of degeneration
 s - a potion of haste


   Skills:
 * Level 3.0 Fighting
 * Level 3.2 Long Blades
 + Level 0.9 Throwing
 + Level 1.8 Armour
 + Level 1.7 Dodging
 + Level 0.3 Stealth
 * Level 3.1 Spellcasting
 * Level 0.7 Conjurations
 + Level 3.1 Translocations
 * Level 0.8 Fire Magic


You had 8 spell levels left.
You knew the following spells:

 Your Spells              Type           Power      Damage    Failure   Level
b - Blink                 Tloc           20%        N/A       12%         2

Your spell library contained the following spells:

 Spells                   Type           Power      Damage    Failure   Level
 Lesser Beckoning         Tloc           20%        N/A       12%         2
 Teleport Other           Tloc           10%        N/A       24%         3
 Summon Small Mammal      Summ           8%         N/A       28%         1
 Vhi's Electric Charge    Tloc/Air       12%        N/A       41%         3
 Stone Arrow              Conj/Erth      6%         3d7       58%         3
 Ignite Poison            Fire/Tmut/Pois 2%         N/A       61%         3
 Manifold Assault         Tloc           10%        N/A       61%         4
 Call Canine Familiar     Summ           2%         N/A       65%         3
 Summon Guardian Golem    Hex/Summ       2%         N/A       65%         3
 Swiftness                Air            2%         N/A       65%         3
 Sticky Flame             Conj/Fire      4%         2d3       91%         4
 Summon Lightning Spire   Summ/Air       2%         N/A       96%         4
 Statue Form              Tmut/Erth      1%         N/A       100%        6
 Ignition                 Fire           2%         3d3       100%        8


Dungeon Overview and Level Annotations

Branches:
Dungeon (5/15)
 Temple: D:4-7

Altars:
Cheibriados
Ru
Yredelemnul

Annotations:
D:4 Dowan, Duvessa, Edmund


Innate Abilities, Weirdness & Mutations

You have extremely sharp teeth.
Your natural rate of healing is unusually fast.
When hurt, damage is shared between your health and your magic reserves.
Your bite disrupts and absorbs the magic of your enemies.
Potions cannot restore your health.
You are agile. (Dex +4, Str/Int -1)
Armour fits poorly on your strangely shaped body.


Message History

The bat closely misses you. The scorpion barely misses you.
The bat hits you but does no damage. The scorpion stings you.
You are poisoned.
The scorpion poisons you!
You hit the scorpion.
You bite the scorpion, but do no damage.
The scorpion is moderately wounded.
You feel very sick. The bat hits you. The bat barely misses you.
The scorpion stings you.
You are more poisoned.
The scorpion poisons you!
It was a potion of might.
You feel very mighty all of a sudden.
You feel very sick. The bat hits you but does no damage.
The scorpion stings you.
It was a potion of degeneration.
There was something very wrong with that liquid.
You feel weakened.
You feel dopey.
You feel clumsy.
You feel very sick. The bat closely misses you. The scorpion stings you.
* * * LOW HITPOINT WARNING * * *
The goblin hits you with a +0 club.
* * * LOW HITPOINT WARNING * * *
It was a potion of mutation.
You feel extremely strange.
Your body twists and deforms.
You feel agile.
* * * LOW HITPOINT WARNING * * *
You feel very sick. The bat barely misses you. The scorpion misses you.
The bat closely misses you. The goblin completely misses you.
The scorpion stings you.
It was a potion of attraction.
You feel attractive to monsters.
* * * LOW HITPOINT WARNING * * *
You feel very sick. The bat barely misses you. The bat closely misses you.
The goblin barely misses you. The scorpion stings you.
Okay, then.
Okay, then.
You hit the scorpion but do no damage. You bite the scorpion.
You drain its power.
You feel invigorated.
The scorpion is severely wounded.
You die...

# . .#### #.#..#
###.^#..## #bs###...#
#@###†...###
#g.............
........##...........
.......####..........
....... #.........#
.g..... ##.......##
....... #.......#
....... ##.....##
....... ...##


You could see a scorpion, a goblin and a bat.

Vanquished Creatures
  An iron imp (D:3)
  A hound (D:3)
  A sleepcap (D:4)
  4 adders
  4 dart slugs
  6 endoplasms
  2 giant cockroaches (D:1)
  2 goblins
  6 hobgoblins
  10 jackals
  3 kobolds
  A quokka (D:2)
  5 ball pythons
  3 bats
  7 frilled lizards
  2 rats
58 creatures vanquished.

Vanquished Creatures (others)
  5 demonic plants (D:4)
  A fungus (D:4)
  11 plants (D:4)
17 creatures vanquished.

Grand Total: 75 creatures vanquished

Notes
Turn   | Place    | Note
-------+----------+-------------------------------------------
     0 | D:1      | Esekla the Vine Stalker Warper began the quest for the Orb.
     0 | D:1      | Reached XP level 1. HP: 11/11 MP: 4/4
     8 | D:1      | Found a faded altar of an unknown god.
   158 | D:1      | Reached XP level 2. HP: 12/15 MP: 1/6
   161 | D:1      | Learned a level 2 spell: Blink
   873 | D:2      | Reached skill level 1 in Armour
   964 | D:2      | Reached XP level 3. HP: 18/18 MP: 8/8
  1155 | D:2      | HP: 1/28 [poisoned by an adder]
  1556 | D:2      | Gained mutation: Your natural rate of healing is unusually
                  | fast. [Vine Stalker growth]
  1556 | D:2      | Reached XP level 4. HP: 11/23 MP: 6/9
  1742 | D:3      | Found a basalt altar of Yredelemnul.
  1747 | D:3      | Found a sacrificial altar of Ru.
  1956 | D:3      | Got the Lessons on Feathery Clay
  2404 | D:4      | Noticed Edmund
  2405 | D:4      | Noticed Dowan
  2407 | D:4      | Noticed Duvessa
  2414 | D:3      | Reached XP level 5. HP: 26/28 MP: 10/10
  2597 | D:4      | Found a snail-covered altar of Cheibriados.
  2812 | D:5      | Entered Level 5 of the Dungeon
  2824 | D:5      | Noticed a black bear
  2853 | D:4      | Gained mutation: Armour fits poorly on your strangely
                  | shaped body. [potion of mutation]
  2853 | D:4      | Gained mutation: You are agile. (Dex +4, Str/Int -1)
                  | [potion of mutation]
  2854 | D:4      | HP: 1/28 [poisoned by a scorpion]
  2855 | D:4      | Succumbed to a scorpion's poison

Illustrated notes

Levels and vault maps discovered:
D:1:      minmay_arrival_open_corners, layout_basic,
          hellmonk_ecumenical_altar_pennies_from_heaven
D:2:      layout_loops_ring
D:3:      layout_loops_ring, chequers_temple_overflow_statue_of_worship
D:4:      old_forge, layout_cave_pods, slow_altar_1,
          nicolae_hepliaklqana_hazy_memory, kennysheep_little_box,
          minmay_temple_entry_slanted, serial_demonic, serial_demonic_g,
          serial_demonic_e, serial_demonic_f, serial_demonic_b,
          serial_bayou_lagoon_a, uniq_edmund, uniq_duvessa, uniq_pikel
D:5:      layout_cave_pools, chequers_temple_overflow_minitemple, serial_shops,
          shop

Skill      XL: |  1  2  3  4 |
---------------+-------------+-----
Long Blades    | 2 3 |  3.2
Armour         | 1 |  1.8
Fighting       | 2 3 |  3.0
Spellcasting   | 3 |  3.1
Throwing       | |  0.9
Dodging        | |  1.7
Stealth        | |  0.3
Conjurations   | |  0.7
Translocations | |  3.1
Fire Magic     | |  0.8

Action                     |  1- 3 |  4- 6 || total
---------------------------+-------+-------++-------
  Melee: Falchion          |   100 |   102 ||   202
         Bite              |    17 |    34 ||    51
         Punch             |       |     1 ||     1
  Throw: Boomerang         |       |     7 ||     7
   Cast: Blink             |       |     2 ||     2
    Use: Potion            |     1 |     4 ||     5
   Stab: Sleeping          |     1 |       ||     1
         Distracted        |       |     1 ||     1
 Armour: Leather armour    |    30 |    19 ||    49
  Dodge: Dodged            |    57 |    68 ||   125
